General information
- name: BNet
- type: Ladder team game (AT/RT)
- host: Battle.net
- saver: Gobiner
map: Dragonblight
- players: 6
- length: 48:44
- speed: Fast
- version: 1.24 W3XP
- replay type: Public
» download(357 KB)
Players
team 1 (winner)
Bleeeeurgh (
orange | 93 APM | 4535 actions | 48:43)
6 Archmage
2 Blizzard
3 Brilliance Aura
1 Mass Teleport
» actions
| Assign group hotkey | 9 | |
| Basic commands | 35 | |
| Build / train | 98 | |
| ESC pressed | 8 | |
| Enter build submenu | 36 | |
| Enter hero's abilities submenu | 6 | |
| Give item / drop item | 3 | |
| Right click | 3169 | |
| Select / deselect | 565 | |
| Select group hotkey | 461 | |
| Use ability | 145 | |
4535 total
» units
» upgrades
» buildings
| Altar of Kings | 2 | |
| Farm | 4 | |
| Scout Tower | 26 | |
| Lumber Mill | 1 | |
| Arcane Tower | 5 | |
| Guard Tower | 16 | |
| Town Hall | 2 | |
| Keep | 2 | |
58 total
» build order
00:06 Altar of Kings
00:19 Farm
01:01 Scout Tower
01:12 Lumber Mill
01:20 Farm
01:28 Arcane Tower
01:28 Arcane Tower
01:46 Scout Tower
02:21 Guard Tower
02:23 Scout Tower
02:38 Farm
02:50 Scout Tower
02:51 Guard Tower
03:39 Guard Tower
03:42 Scout Tower
04:43 Arcane Tower
04:44 Scout Tower
05:19 Guard Tower
05:20 Scout Tower
06:38 Town Hall
07:17 Guard Tower
07:19 Scout Tower
07:46 Scout Tower
07:48 Scout Tower
08:05 Scout Tower
09:28 Guard Tower
09:34 Guard Tower
10:22 Scout Tower
10:24 Scout Tower
10:25 Scout Tower
10:50 Guard Tower
10:55 Guard Tower
11:17 Guard Tower
11:35 Guard Tower
11:36 Keep
11:39 Scout Tower
11:40 Scout Tower
12:00 Arcane Tower
12:24 Arcane Tower
12:46 Guard Tower
12:48 Scout Tower
13:46 Keep
14:10 Scout Tower
14:12 Scout Tower
14:16 Scout Tower
14:16 Scout Tower
14:22 Scout Tower
14:23 Scout Tower
14:25 Guard Tower
14:34 Scout Tower
14:36 Guard Tower
14:39 Scout Tower
15:00 Guard Tower
15:28 Scout Tower
15:29 Guard Tower
16:32 Altar of Kings
18:15 Farm
21:20 Town Hall
» items
| Healing Salve | 3 | |
| Lesser Clarity Potion | 1 | |
| Scroll of Speed | 1 | |
| Potion of Healing | 2 | |
| Periapt of Vitality | 1 | |
| Boots of Speed | 1 | |
| Staff of Teleportation | 1 | |
| Orb of Lightning | 1 | |
11 total
Gobiner (
yellow | 43 APM | 2088 actions | 48:44)
6 Blademaster
3 Wind Walk
2 Critical Strike
1 Bladestorm
» actions
| Assign group hotkey | 13 | |
| Basic commands | 6 | |
| Build / train | 59 | |
| Enter build submenu | 35 | |
| Enter hero's abilities submenu | 6 | |
| Give item / drop item | 3 | |
| Right click | 1154 | |
| Select / deselect | 241 | |
| Select group hotkey | 378 | |
| Use ability | 193 | |
2088 total
» units
» upgrades
| Liquid Fire | 1 | |
| Ranged Weapons | 1 | |
| Troll Regeneration | 1 | |
3 total
» buildings
| Altar of Storms | 2 | |
| Orc Burrow | 7 | |
| War Mill | 3 | |
| Watch Tower | 16 | |
| Voodoo Lounge | 2 | |
| Stronghold | 3 | |
| Fortress | 1 | |
| Beastiary | 3 | |
| Barracks | 1 | |
| Great Hall | 1 | |
39 total
» build order
00:08 Altar of Storms
00:16 Orc Burrow
00:29 War Mill
01:43 Watch Tower
01:49 Orc Burrow
02:18 Watch Tower
02:48 Voodoo Lounge
03:04 Watch Tower
03:35 Watch Tower
04:04 Watch Tower
04:12 Watch Tower
04:20 Voodoo Lounge
05:26 Stronghold
05:27 Stronghold
05:27 Stronghold
06:59 Watch Tower
07:01 Watch Tower
07:50 Fortress
08:03 Beastiary
08:03 Beastiary
08:11 Beastiary
08:13 Orc Burrow
08:14 Orc Burrow
08:25 Watch Tower
08:26 Watch Tower
09:34 Watch Tower
09:35 Watch Tower
14:21 Watch Tower
14:21 Watch Tower
14:22 Watch Tower
14:25 Barracks
15:52 Watch Tower
18:22 War Mill
18:25 War Mill
19:57 Great Hall
22:58 Altar of Storms
24:03 Orc Burrow
25:09 Orc Burrow
36:19 Orc Burrow
» items
| Lesser Clarity Potion | 7 | |
| Healing Salve | 3 | |
| Staff of Teleportation | 1 | |
| Boots of Speed | 1 | |
| Orb of Lightning | 1 | |
13 total
ImInSC2Beta (
blue | 125 APM | 6105 actions | 48:43)
5 Blood Mage
3 Flame Strike
2 Siphon Mana
4 Mountain King
2 Storm Bolt
1 Bash
1 Thunder Clap
4 Paladin
2 Holy Light
2 Divine Shield
» actions
| Assign group hotkey | 35 | |
| Basic commands | 41 | |
| Build / train | 185 | |
| ESC pressed | 17 | |
| Enter build submenu | 112 | |
| Enter hero's abilities submenu | 15 | |
| Give item / drop item | 13 | |
| Right click | 2712 | |
| Select / deselect | 558 | |
| Select group hotkey | 1991 | |
| Use ability | 426 | |
6105 total
» units
| Peasant | 41 | |
| Nerubian Warrior | 1 | |
| Ice Troll Berserker | 1 | |
| Nerubian Webspinner | 1 | |
| Goblin Shredder | 1 | |
| Priest | 7 | |
| Sorceress | 4 | |
| Goblin Zeppelin | 1 | |
57 total
» upgrades
| Magic Sentry | 1 | |
| Sorceress Training | 2 | |
| Masonry | 2 | |
| Priest Training | 1 | |
6 total
» buildings
| Altar of Kings | 2 | |
| Farm | 11 | |
| Lumber Mill | 2 | |
| Scout Tower | 112 | |
| Arcane Tower | 5 | |
| Guard Tower | 51 | |
| Keep | 9 | |
| Castle | 3 | |
| Arcane Sanctum | 2 | |
| Town Hall | 3 | |
| Arcane Vault | 1 | |
201 total
» build order
00:08 Altar of Kings
00:23 Farm
01:06 Farm
01:20 Lumber Mill
01:26 Scout Tower
01:39 Farm
01:52 Scout Tower
01:53 Arcane Tower
02:17 Scout Tower
02:19 Scout Tower
02:44 Guard Tower
02:46 Scout Tower
02:46 Scout Tower
02:53 Guard Tower
03:05 Guard Tower
03:55 Guard Tower
03:56 Keep
03:56 Keep
04:04 Scout Tower
04:06 Scout Tower
04:11 Farm
05:25 Scout Tower
05:26 Scout Tower
05:27 Guard Tower
05:28 Scout Tower
05:29 Scout Tower
06:51 Castle
06:57 Arcane Sanctum
07:13 Scout Tower
07:14 Scout Tower
07:16 Scout Tower
07:17 Guard Tower
10:00 Scout Tower
10:01 Scout Tower
10:10 Scout Tower
10:11 Scout Tower
10:12 Guard Tower
10:16 Scout Tower
10:18 Scout Tower
10:19 Scout Tower
11:36 Guard Tower
11:36 Guard Tower
12:57 Farm
14:07 Guard Tower
14:56 Scout Tower
14:58 Scout Tower
15:09 Scout Tower
15:09 Scout Tower
15:10 Scout Tower
15:11 Scout Tower
15:12 Scout Tower
15:13 Scout Tower
15:27 Guard Tower
15:27 Guard Tower
15:29 Scout Tower
15:29 Scout Tower
15:30 Scout Tower
15:31 Scout Tower
15:31 Scout Tower
15:50 Guard Tower
15:52 Scout Tower
15:53 Scout Tower
15:53 Scout Tower
15:53 Scout Tower
15:54 Scout Tower
16:02 Guard Tower
16:30 Guard Tower
16:49 Scout Tower
16:50 Scout Tower
16:52 Guard Tower
16:53 Guard Tower
17:44 Guard Tower
17:51 Town Hall
19:30 Town Hall
19:32 Scout Tower
19:33 Scout Tower
19:34 Scout Tower
19:51 Scout Tower
19:52 Scout Tower
19:52 Scout Tower
20:35 Guard Tower
20:37 Scout Tower
20:37 Scout Tower
20:38 Scout Tower
20:41 Lumber Mill
20:50 Scout Tower
20:51 Scout Tower
20:51 Scout Tower
20:51 Scout Tower
21:49 Guard Tower
21:54 Altar of Kings
22:07 Arcane Vault
22:17 Scout Tower
22:17 Scout Tower
22:18 Scout Tower
22:34 Guard Tower
22:44 Scout Tower
22:44 Scout Tower
22:45 Scout Tower
22:51 Guard Tower
23:01 Scout Tower
24:05 Scout Tower
24:37 Guard Tower
24:38 Scout Tower
24:38 Scout Tower
24:39 Scout Tower
25:14 Town Hall
25:33 Scout Tower
25:36 Scout Tower
26:05 Guard Tower
26:21 Guard Tower
27:37 Scout Tower
27:38 Scout Tower
27:39 Scout Tower
27:40 Scout Tower
27:46 Scout Tower
28:09 Arcane Tower
28:11 Scout Tower
28:25 Guard Tower
28:26 Scout Tower
28:27 Scout Tower
28:44 Farm
28:45 Farm
29:44 Farm
29:44 Farm
30:03 Farm
30:08 Farm
30:20 Guard Tower
30:23 Guard Tower
30:27 Guard Tower
31:33 Scout Tower
31:33 Scout Tower
31:34 Scout Tower
31:36 Guard Tower
31:37 Scout Tower
32:01 Keep
32:01 Keep
32:01 Keep
32:21 Scout Tower
32:21 Scout Tower
32:22 Scout Tower
32:25 Guard Tower
32:31 Guard Tower
34:03 Scout Tower
34:04 Scout Tower
34:05 Scout Tower
34:07 Scout Tower
34:23 Arcane Sanctum
34:26 Guard Tower
34:32 Guard Tower
34:35 Arcane Tower
34:48 Guard Tower
37:21 Castle
37:43 Guard Tower
37:43 Guard Tower
38:00 Scout Tower
38:01 Scout Tower
38:02 Scout Tower
38:36 Scout Tower
38:37 Scout Tower
38:38 Scout Tower
38:38 Scout Tower
38:39 Scout Tower
38:40 Scout Tower
38:40 Scout Tower
38:40 Scout Tower
38:42 Guard Tower
39:12 Arcane Tower
39:13 Guard Tower
39:49 Guard Tower
39:52 Scout Tower
39:53 Scout Tower
39:54 Scout Tower
40:02 Scout Tower
40:03 Scout Tower
40:03 Scout Tower
40:04 Scout Tower
40:06 Scout Tower
40:08 Arcane Tower
40:10 Guard Tower
42:22 Guard Tower
42:36 Guard Tower
44:05 Guard Tower
» items
| Boots of Speed | 4 | |
| Circlet of Nobility | 5 | |
| Staff of Teleportation | 7 | |
| Potion of Lesser Invulnerability | 2 | |
| Healing Salve | 1 | |
| Scroll of Speed | 2 | |
| Lesser Clarity Potion | 2 | |
| Orb of Lightning | 2 | |
| Scroll of Town Portal | 1 | |
| Scroll of Regeneration | 2 | |
| Potion of Invisibility | 1 | |
| Dust of Appearance | 1 | |
| Staff of Sanctuary | 2 | |
32 total
team 2 (loser)
911-na (
green | 107 APM | 5202 actions | 48:42)
6 Death Knight
3 Death Coil
3 Unholy Aura
» actions
| Assign group hotkey | 378 | |
| Basic commands | 623 | |
| Build / train | 88 | |
| Enter build submenu | 23 | |
| Enter hero's abilities submenu | 6 | |
| Give item / drop item | 1 | |
| Right click | 2694 | |
| Select / deselect | 520 | |
| Select group hotkey | 772 | |
| Use ability | 97 | |
5202 total
» units
| Acolyte | 17 | |
| Ghoul | 16 | |
| Crypt Fiend | 9 | |
| Obsidian Statue | 1 | |
| Frost Wyrm | 14 | |
| Abomination | 4 | |
61 total
» upgrades
| Ghoul Frenzy | 1 | |
| Web | 1 | |
| Freezing Breath | 1 | |
| Burrow | 1 | |
4 total
» buildings
| Crypt | 1 | |
| Graveyard | 1 | |
| Altar of Darkness | 1 | |
| Ziggurat | 5 | |
| Tomb of Relics | 1 | |
| Halls of the Dead | 1 | |
| Nerubian Tower | 1 | |
| Black Citadel | 1 | |
| Sacrificial Pit | 1 | |
| Slaughterhouse | 2 | |
| Boneyard | 2 | |
| Spirit Tower | 3 | |
20 total
» build order
00:07 Crypt
00:11 Graveyard
00:42 Altar of Darkness
00:58 Ziggurat
01:12 Tomb of Relics
02:00 Ziggurat
03:39 Halls of the Dead
03:58 Nerubian Tower
03:59 Ziggurat
04:45 Ziggurat
06:00 Black Citadel
08:00 Sacrificial Pit
08:18 Slaughterhouse
08:22 Slaughterhouse
08:25 Ziggurat
09:34 Boneyard
10:04 Boneyard
18:02 Spirit Tower
18:03 Spirit Tower
19:47 Spirit Tower
» items
RGY-fu (
purple | 91 APM | 4454 actions | 48:42)
6 Tauren Chieftain
3 War Stomp
2 Endurance Aura
1 Reincarnation
» actions
| Assign group hotkey | 37 | |
| Basic commands | 397 | |
| Build / train | 118 | |
| Enter build submenu | 26 | |
| Enter hero's abilities submenu | 6 | |
| Give item / drop item | 4 | |
| Right click | 1836 | |
| Select / deselect | 544 | |
| Select group hotkey | 1372 | |
| Use ability | 114 | |
4454 total
» units
| Peon | 32 | |
| Grunt | 10 | |
| Demolisher | 6 | |
| Shaman | 3 | |
| Troll Batrider | 29 | |
| Troll Witch Doctor | 2 | |
82 total
» upgrades
| Shaman Training | 2 | |
| Witch Doctor Training | 2 | |
| Liquid Fire | 1 | |
| Ranged Weapons | 3 | |
| Pillage | 1 | |
| Armor | 2 | |
| Burning Oil | 1 | |
12 total
» buildings
| Orc Burrow | 6 | |
| Altar of Storms | 1 | |
| Barracks | 2 | |
| Voodoo Lounge | 1 | |
| Stronghold | 1 | |
| War Mill | 1 | |
| Watch Tower | 20 | |
| Spirit Lodge | 2 | |
| Fortress | 1 | |
| Beastiary | 1 | |
| Great Hall | 2 | |
38 total
» build order
00:07 Orc Burrow
00:09 Altar of Storms
00:48 Barracks
01:15 Voodoo Lounge
02:19 Orc Burrow
03:10 Stronghold
04:26 Orc Burrow
05:07 Orc Burrow
07:17 Barracks
07:23 War Mill
10:13 Watch Tower
10:18 Spirit Lodge
10:22 Spirit Lodge
10:23 Fortress
11:08 Beastiary
14:28 Orc Burrow
14:29 Orc Burrow
17:59 Watch Tower
17:59 Watch Tower
18:00 Watch Tower
18:00 Watch Tower
18:03 Watch Tower
18:05 Watch Tower
18:06 Watch Tower
18:08 Watch Tower
26:14 Great Hall
26:18 Watch Tower
26:22 Watch Tower
33:04 Watch Tower
33:05 Watch Tower
33:06 Watch Tower
33:07 Watch Tower
43:23 Watch Tower
43:25 Watch Tower
43:26 Watch Tower
43:26 Watch Tower
46:52 Great Hall
» items
| Healing Salve | 3 | |
| Lesser Clarity Potion | 6 | |
| Scroll of Speed | 2 | |
| Potion of Healing | 2 | |
| Rod of Necromancy | 1 | |
| Staff of Teleportation | 1 | |
15 total
RGY-kt. (
teal | 73 APM | 3531 actions | 48:39)
5 Mountain King
3 Storm Bolt
2 Bash
4 Blood Mage
2 Banish
2 Siphon Mana
» actions
| Assign group hotkey | 41 | |
| Basic commands | 61 | |
| Build / train | 55 | |
| Enter build submenu | 20 | |
| Enter hero's abilities submenu | 10 | |
| Give item / drop item | 1 | |
| Right click | 1885 | |
| Select / deselect | 530 | |
| Select group hotkey | 823 | |
| Use ability | 105 | |
3531 total
» units
| Peasant | 8 | |
| Footman | 3 | |
| Rifleman | 8 | |
| Spell Breaker | 3 | |
| Priest | 3 | |
| Mortar Team | 6 | |
31 total
» upgrades
| Gunpowder | 1 | |
| Long Rifles | 1 | |
| Fragmentation Shards | 1 | |
| Flare | 1 | |
| Flak Cannons | 1 | |
| Flying Machine Bombs | 1 | |
6 total
» buildings
| Barracks | 1 | |
| Altar of Kings | 1 | |
| Farm | 8 | |
| Blacksmith | 1 | |
| Arcane Vault | 1 | |
| Keep | 4 | |
| Castle | 1 | |
| Arcane Sanctum | 1 | |
| Workshop | 2 | |
| Lumber Mill | 1 | |
21 total
» build order
00:43 Barracks
00:54 Altar of Kings
01:08 Farm
01:13 Farm
01:54 Blacksmith
02:11 Farm
02:24 Arcane Vault
03:24 Keep
03:24 Keep
03:59 Farm
07:22 Castle
07:26 Arcane Sanctum
08:51 Workshop
09:51 Farm
09:55 Farm
10:08 Workshop
10:48 Lumber Mill
11:04 Farm
11:25 Farm
» items
| Scroll of Regeneration | 1 | |
| Lesser Clarity Potion | 1 | |
2 total
Chat log
(00:21 / All) ImInSC2Beta: GG CHINA
(35:23 / All) Bleeeeurgh: Naked, bleeding, gay, greasy, teenaged teen eludes greasy, bleeding authorities in nine hour gay naked manhunt
(47:10 / All) ImInSC2Beta: leave plz